 Dungeon Crawl Stone Soup version 0.24-a0-479-g9a978d2 (webtiles) character file.

Game seed: 1208200515569509705

13212 ssg the Grappler (level 11, -5/118 HPs)
             Began as a Troll Monk on July 8, 2019.
             Was a High Priest of Cheibriados.
             Slain by a two-headed ogre
             ... wielding a +0 giant spiked club
              (8 damage)
             ... on level 12 of the Dungeon.
             The game lasted 00:15:38 (9246 turns).

ssg the Grappler (Troll Monk)                       Turns: 9246, Time: 00:15:39

Health: -5/118     AC: 10    Str: 40    XL:     11   Next: 72%
Magic:  12/16      EV: 11    Int: 25    God:    Cheibriados [*****.]
Gold:   531        SH:  0    Dex: 23    Spells: 10/10 levels left

rFire    x . .     SeeInvis .     - Unarmed
rCold    + . .     Gourm    +   (no shield)
rNeg     . . .     Faith    .   p - +0 troll leather armour
rPois    .         Spirit   .   (helmet restricted)
rElec    .         Reflect  .   L - +0 cloak
rCorr    .         Harm     .   (gloves unavailable)
MR       .....                  (boots unavailable)
Stlth    ++........             g - amulet of the acrobat
HPRegen  1.09/turn              c - +1 ring of protection
MPRegen  0.15/turn              H - ring "Loan" {Ice Int+8 Slay+3}

@: mighty, very slow
A: large, unfitting armour, claws 3, talons 1, fast metabolism 3, gourmand,
regeneration 1, shaggy fur 1, tough skin 3, evolution 1
a: Bend Time, Temporal Distortion, Slouch, Step From Time, Renounce Religion


You were on level 12 of the Dungeon.
You worshipped Cheibriados.
Cheibriados was extremely pleased with you.
You were very full.

You visited 1 branch of the dungeon, and saw 12 of its levels.
You also visited: Ossuary.

You collected 755 gold pieces.
You spent 224 gold pieces at shops.

Inventory:

Armour
 a - a +0 robe
 p - a +0 troll leather armour (worn)
 y - a +2 robe of positive energy
 L - a +0 cloak (worn)
Jewellery
 c - a +1 ring of protection (left claw)
 g - an amulet of the acrobat (around neck)
 B - an uncursed ring of positive energy
 F - an uncursed amulet of the gourmand {unknown}
 H - the ring "Loan" (right claw) {Ice Int+8 Slay+3}
   (You found it on level 12 of the Dungeon)

   [ring of ice]

   It enhances your ice magic.
   It affects your intelligence (+8).
   It affects your accuracy and damage with ranged weapons and melee attacks
   (+3).
   It makes you vulnerable to fire.
   It protects you from cold.
Wands
 d - a wand of acid (7)
 e - a wand of iceblast (8)
 l - a wand of polymorph (30)
 C - a wand of flame (18)
Scrolls
 f - 5 scrolls of teleportation
 h - a scroll of fear
 i - 3 scrolls of enchant weapon {unknown}
 j - 7 scrolls of remove curse
 k - 3 scrolls of immolation {unknown}
 m - 4 scrolls of magic mapping {unknown}
 n - a scroll of noise {unknown}
 q - 2 scrolls of enchant armour {unknown}
 r - a scroll of amnesia {unknown}
 t - 2 scrolls of blinking {unknown}
 x - 2 scrolls of silence {unknown}
 D - a scroll of random uselessness {unknown}
 I - a scroll of identify
Potions
 o - 3 potions of agility
 s - 3 potions of heal wounds
 u - 4 potions of curing
 v - 4 potions of flight
 w - 2 potions of brilliance
 z - a potion of resistance {unknown}
 A - 2 potions of magic
 G - a potion of ambrosia {unknown}
 J - a potion of invisibility {unknown}
Comestibles
 b - 21 rations
 K - 3 chunks of flesh


   Skills:
 + Level 10.2 Fighting
 - Level 2.4 Dodging
 - Level 1.0 Stealth
 + Level 12.0 Unarmed Combat
 + Level 8.4 Invocations


You had 10 spell levels left.
You didn't know any spells.
Your spell library contained the following spells:

 Spells                   Type           Power        Failure   Level  Hunger
 Beastly Appendage        Tmut           #.....       14%         1    ##.....
 Confusing Touch          Hex            #.....       14%         1    ##.....
 Flame Tongue             Conj/Fire      #....        14%         1    ##.....
 Sticks to Snakes         Tmut           #.......     22%         2    ###....
 Throw Flame              Conj/Fire      #.....       22%         2    ###....
 Confuse                  Hex            #.......     41%         3    ####...
 Conjure Flame            Conj/Fire      #.......     41%         3    ####...
 Gell's Gravitas          Tloc           #.........   41%         3    ####...
 Inner Flame              Hex/Fire       #.......     41%         3    ####...
 Spider Form              Tmut/Pois      #.........   41%         3    ####...
 Ice Form                 Ice/Tmut       #.......     82%         4    #####..
 Petrify                  Tmut/Erth      #.......     82%         4    #####..
 Sticky Flame             Conj/Fire      #.......     82%         4    #####..
 Blade Hands              Tmut           #.........   99%         5    ######.
 Fireball                 Conj/Fire      #.........   99%         5    ######.
 Metabolic Englaciation   Hex/Ice        #.........   99%         5    ######.
 Yara's Violent Unravell  Hex/Tmut       #.........   99%         5    ######.


Dungeon Overview and Level Annotations

Branches:
Dungeon (12/15)            Temple (0/1) D:7            Lair (0/6) D:10
    Orc (0/2) D:12

Altars:
Ashenzari
Cheibriados
Dithmenos
Fedhas
Hepliaklqana
Okawaru
Qazlal
Ru
Trog
Vehumet
Wu Jian
Yredelemnul
The Shining One

Shops:
D:4 }   D:6 ?   D:9 }!:%


Innate Abilities, Weirdness & Mutations

You are too large for most types of armour.
You have claws for hands.
Your metabolism is lightning-fast.
You like to eat raw meat.
Your natural rate of healing is unusually fast.
You are covered in fur. (AC +1)
You have extremely tough skin. (AC +3)
You have sharp toenails.
You evolve.


Message History

The two-headed ogre hits you with a cursed -1 giant spiked club!!
The two-headed ogre hits you with a +0 giant spiked club!!
The ogre mage hits you from afar with a +0 spear.
The ogre mage casts a spell.
The ogre mage blinks!
Unknown command.
You feel very mighty all of a sudden.
The two-headed ogre hits you with a +0 giant spiked club!
* * * LOW HITPOINT WARNING * * *
The two-headed ogre hits you but does no damage.
You completely miss the two-headed ogre.
You claw the two-headed ogre!
The two-headed ogre is severely wounded.
The two-headed ogre hits you with a cursed -1 giant spiked club!!
* * * LOW HITPOINT WARNING * * *
The two-headed ogre hits you with a +0 giant spiked club!
* * * LOW HITPOINT WARNING * * *
The ogre closely misses you.
The two-headed ogre hits you with a +0 giant spiked club!
You die...

..............# #......#
..............# #......#
###.##...###'########......#
..#.##...#.................#
..#......#.........(.......#
..#......+.................#
..'......#.................#
..#......#.................#
..######+#.....O@O.........#
.... #######O###########
.).... ......OO.......
...... .........O.....
...... ...............
....... ...............
...............
####........... ##+#########


You could see 3 two-headed ogres, an ogre mage and 2 ogres.

Vanquished Creatures
  The ghost of chris0x the Covert, a journeyman GnEn of Dithmenos (D:10)
  2 two-headed ogres
  An unseen horror (D:12)
  A cyclops (D:11)
  3 ugly things
  Psyche (D:8)
  Joseph (D:8)
  A gargoyle (D:12)
  A komodo dragon (D:10)
  2 kobold demonologists (D:10)
  A queen bee (D:10)
  A troll (D:10)
  2 hippogriffs
  Sigmund (D:5)
  A wyvern (D:10)
  4 hungry ghosts
  Edmund (D:4)
  A steam dragon (D:10)
  A basilisk (D:10)
  A swamp drake (D:10)
  3 orc warriors
  2 ice beasts
  2 sky beasts
  2 necrophages
  4 ogres
  A phantom (D:8)
  3 centaurs
  A crocodile (D:10)
  10 big kobolds
  12 bullfrogs
  3 water moccasin zombies (Ossuary)
  A wyvern skeleton (D:12)
  A scorpion (D:6)
  16 killer bees (D:10)
  9 wights
  A howler monkey (D:10)
  A crimson imp (D:8)
  3 jellies
  3 orc priests
  4 hounds
  3 orc wizards
  A quasit (D:9)
  2 bullfrog skeletons
  4 centaur skeletons
  3 iguanas
  Terence (D:3)
  A statue (D:6)
  6 worker ants
  2 killer bee zombies
  A hound skeleton (D:6)
  3 mummies
  8 adders
  7 adder zombies (Ossuary)
  6 worms
  4 dart slugs
  10 leopard geckos
  21 orcs
  A ball python (D:2)
  8 bats
  7 giant cockroaches
  9 goblins
  6 hobgoblins
  11 jackals
  7 quokkas
  2 frilled lizards (D:1)
  2 gnoll zombies (Ossuary)
  A goblin zombie (D:8)
  5 hobgoblin zombies (Ossuary)
  9 kobolds
  4 kobold zombies (Ossuary)
  A leopard gecko zombie (D:6)
  6 orc zombies
  2 quokka zombies (D:7)
  10 rats
284 creatures vanquished.

Vanquished Creatures (others)
  3 plants (D:10)
3 creatures vanquished.

Grand Total: 287 creatures vanquished

Notes
Turn   | Place    | Note
-------+----------+-------------------------------------------
     0 | D:1      | ssg the Troll Monk began the quest for the Orb.
     0 | D:1      | Reached XP level 1. HP: 22/22 MP: 0/0
    98 | D:1      | Reached XP level 2. HP: 29/29 MP: 1/1
   299 | D:2      | Reached XP level 3. HP: 36/37 MP: 2/2
   475 | D:2      | Found a blossoming altar of Fedhas.
   539 | D:2      | Reached skill level 4 in Unarmed Combat
   572 | D:3      | Noticed Terence
   576 | D:3      | Killed Terence
   576 | D:3      | Reached XP level 4. HP: 45/45 MP: 3/3
   642 | D:3      | Found a stormy altar of Qazlal.
   659 | D:3      | Found an ornate altar of the Wu Jian Council.
   699 | D:3      | Reached XP level 5. HP: 40/54 MP: 4/4
   725 | D:3      | Found a hazy altar of Hepliaklqana.
   969 | D:4      | Reached skill level 5 in Unarmed Combat
   996 | D:4      | Found Egruz's Gadget Emporium.
  1030 | D:4      | Noticed Edmund
  1060 | D:4      | Killed Edmund
  1060 | D:4      | Reached XP level 6. HP: 10/63 MP: 5/5
  1237 | D:5      | Entered Level 5 of the Dungeon
  1369 | D:5      | Found an iron altar of Okawaru.
  1370 | D:5      | Found a snail-covered altar of Cheibriados.
  1370 | D:5      | Found a glowing golden altar of the Shining One.
  1385 | D:5      | Noticed Sigmund
  1391 | D:5      | Became a worshipper of Cheibriados the Contemplative
  1391 | D:5      | Reached * piety under Cheibriados
  1391 | D:5      | Reached ** piety under Cheibriados
  1405 | D:5      | Killed Sigmund
  1405 | D:5      | Reached skill level 5 in Fighting
  1405 | D:5      | Reached skill level 6 in Unarmed Combat
  1405 | D:5      | Reached XP level 7. HP: 72/72 MP: 6/6
  1637 | D:5      | Found a basalt altar of Yredelemnul.
  2085 | D:4      | Found a bloodstained altar of Trog.
  3072 | D:1      | Reached *** piety under Cheibriados
  3964 | D:6      | Found a radiant altar of Vehumet.
  3992 | D:6      | Reached skill level 7 in Unarmed Combat
  3994 | D:6      | Reached XP level 8. HP: 74/83 MP: 7/7
  4040 | D:6      | Found a sacrificial altar of Ru.
  4094 | D:6      | Reached skill level 8 in Unarmed Combat
  4250 | D:6      | Found Bostew's Magic Scroll Boutique.
  4464 | D:7      | Reached skill level 1 in Invocations
  4476 | D:7      | Reached **** piety under Cheibriados
  4643 | D:7      | Noticed a hippogriff
  4653 | D:7      | Killed a hippogriff
  4653 | D:7      | Reached XP level 9. HP: 31/93 MP: 8/10
  4887 | D:7      | Found a staircase to the Ecumenical Temple.
  5292 | D:7      | Found a shadowy altar of Dithmenos.
  5542 | D:8      | Noticed Psyche
  5552 | D:8      | Killed Psyche
  5552 | D:8      | Reached skill level 9 in Unarmed Combat
  5705 | D:8      | Found a sand-covered staircase.
  5712 | Ossuary  | Entered an ossuary
  5876 | Ossuary  | Gained mutation: You have large cloven feet. [potion of
                  | mutation]
  5876 | Ossuary  | Gained mutation: You are surrounded by a mild repulsion
                  | field. (EV +2) [potion of mutation]
  5876 | Ossuary  | Gained mutation: You have hoof-like feet. [potion of
                  | mutation]
  5876 | Ossuary  | Gained mutation: You are partially covered in icy blue
                  | scales. (AC +2) [potion of mutation]
  5942 | D:8      | Reached ***** piety under Cheibriados
  6021 | D:8      | Found a shattered altar of Ashenzari.
  6219 | D:8      | Noticed Joseph
  6227 | D:8      | Killed Joseph
  6227 | D:8      | Reached skill level 5 in Invocations
  6337 | D:8      | Reached XP level 10. HP: 104/104 MP: 12/12
  6456 | D:9      | Found Hessicly's Distillery.
  6467 | D:9      | Bought a potion of mutation for 112 gold pieces
  6467 | D:9      | Bought a potion of mutation for 112 gold pieces
  6467 | D:9      | Lost mutation: You have hoof-like feet. [potion of
                  | mutation]
  6467 | D:9      | Lost mutation: You are partially covered in icy blue
                  | scales. (AC +2) [potion of mutation]
  6467 | D:9      | Lost mutation: You have large cloven feet. [potion of
                  | mutation]
  6467 | D:9      | Gained mutation: You expend magic power (3 MP) to
                  | strengthen your wands. [potion of mutation]
  6467 | D:9      | Gained mutation: You are robust. (+10% HP) [potion of
                  | mutation]
  6467 | D:9      | Gained mutation: You passively map a small area around you.
                  | [potion of mutation]
  6468 | D:9      | Lost mutation: You expend magic power (3 MP) to strengthen
                  | your wands. [potion of mutation]
  6468 | D:9      | Lost mutation: You passively map a small area around you.
                  | [potion of mutation]
  6468 | D:9      | Lost mutation: You are surrounded by a mild repulsion
                  | field. (EV +2) [potion of mutation]
  6468 | D:9      | Gained mutation: Your spells are a little easier to cast,
                  | but a little less powerful. [potion of mutation]
  6468 | D:9      | Gained mutation: Your body sometimes deteriorates upon
                  | taking damage. [potion of mutation]
  6468 | D:9      | Gained mutation: Scrolls take you a little longer to read.
                  | [potion of mutation]
  6468 | D:9      | Lost mutation: Your spells are a little easier to cast, but
                  | a little less powerful. [potion of mutation]
  6486 | D:9      | Found Jomidil's Food Emporium.
  6565 | D:9      | Found Arghohiff's Book Shop.
  6580 | D:9      | Found Atiticy's Gadget Shoppe.
  6616 | D:9      | Reached skill level 10 in Unarmed Combat
  7056 | D:10     | Entered Level 10 of the Dungeon
  7079 | D:10     | Noticed a two-headed ogre
  7089 | D:10     | Killed a two-headed ogre
  7390 | D:10     | Found a runed translucent gate.
  7390 | D:10     | Found a runed translucent gate.
  7390 | D:10     | Found a runed translucent gate.
  7391 | D:10     | Identified the +1 whip "Hamoem" {drain, +Blink rF+ Dex+3}
  7391 | D:10     | Noticed chris0x's ghost (journeyman GnEn)
  7440 | D:10     | Noticed an orange demon
  7440 | D:10     | Reached skill level 11 in Unarmed Combat
  7459 | D:10     | Killed chris0x's ghost
  7459 | D:10     | Reached XP level 11. HP: 64/126 MP: 6/15
  7559 | D:10     | Found a glowing golden altar of the Shining One.
  7903 | D:10     | Lost mutation: Scrolls take you a little longer to read.
                  | [potion of mutation]
  7903 | D:10     | Lost mutation: Your body sometimes deteriorates upon taking
                  | damage. [potion of mutation]
  7903 | D:10     | Lost mutation: You are robust. (+10% HP) [potion of
                  | mutation]
  7903 | D:10     | Gained mutation: You are robust. (+10% HP) [potion of
                  | mutation]
  7903 | D:10     | Lost mutation: You are robust. (+10% HP) [potion of
                  | mutation]
  7903 | D:10     | Gained mutation: You evolve. [potion of mutation]
  7903 | D:10     | Gained mutation: You have sharp toenails. [potion of
                  | mutation]
  7922 | D:10     | Found a staircase to the Lair.
  8292 | D:11     | Noticed a brown ugly thing
  8300 | D:11     | Killed a brown ugly thing
  8799 | D:12     | Noticed a green ugly thing
  8809 | D:12     | Killed a green ugly thing
  8809 | D:12     | Killed an unseen horror
  8809 | D:12     | Reached skill level 10 in Fighting
  8942 | D:12     | Got a smoking platinum ring
  8953 | D:12     | Identified the ring "Loan" {Ice Int+8 Slay+3} (You found it
                  | on level 12 of the Dungeon)
  9087 | D:12     | Found a staircase to the Orcish Mines.
  9141 | D:12     | Noticed a brown ugly thing
  9146 | D:12     | Killed a brown ugly thing
  9236 | D:12     | Noticed an ogre mage
  9236 | D:12     | Noticed a two-headed ogre
  9236 | D:12     | Noticed a two-headed ogre
  9236 | D:12     | Noticed a two-headed ogre
  9236 | D:12     | Noticed a two-headed ogre
  9239 | D:12     | Killed a two-headed ogre
  9239 | D:12     | Reached skill level 12 in Unarmed Combat
  9246 | D:12     | HP: 3/118 [two-headed ogre/cursed -1 giant spiked club (7)]
  9246 | D:12     | Slain by a two-headed ogre

Levels and vault maps discovered:
D:1:      dpeg_arrival_lava_altar, layout_basic, minmay_pentomino_x4
D:2:      layout_loops_ring, nicolae_overflow_hidden_temple,
          fedhas_ov_isle_minmay, first_ration
D:3:      layout_loops_cross, lemuel_doored_altar, lemuel_round_altar,
          lemuel_crystal_altar, uniq_terence
D:4:      layout_cave_pools, serial_shops, shop, chequers_serial_rivers_large_a,
          trog_butcher_becter, uniq_edmund
D:5:      layout_loops_ring, yredelemnul_altar_generic,
          chequers_temple_overflow_statue_of_worship, hangedman_decor_growths,
          uniq_sigmund
D:6:      layout_rooms, nicolae_overflow_crystal_walls, vehumet_statue,
          serial_shops, shop_statue
D:7:      layout_layer_cave, marbit_many_paths,
          minmay_temple_entry_statues_pillars
D:8:      layout_rooms, cheibrodos_ashenzari_chains, nicolae_ossuary_entry_giza,
          minmay_misc_feat_rugged, uniq_joseph, uniq_psyche
D:9:      layout_roguey, serial_shops, shop, nicolae_shop_trees,
          kennysheep_mini_moat, shop
D:10:     layout_basic, erik_lair_dragon, gammafunk_ghost_nasty_kobolds,
          basic_altar, david_nohive_1, chequers_mini_garden, solitary_fountain
D:11:     layout_irregular_city, minmay_crystal_room
D:12:     layout_gridville, orc_0_dummy

Skill      XL: |  1  2  3  4  5  6  7  8  9 10 11 |
---------------+----------------------------------+-----
Fighting       | 3 4 5 6 7 8 9 10 | 10.2
Unarmed Combat | 4 5 6 7 8 9 11 12 | 12.0
Invocations    | 2 5 7 8 |  8.4
Dodging        | |  2.4
Stealth        | |  1.0

Action                   |  1- 3 |  4- 6 |  7- 9 | 10-12 || total
-------------------------+-------+-------+-------+-------++-------
Melee: Unarmed           |    73 |   117 |   280 |   176 ||   646
       Punch             |       |     1 |    19 |    18 ||    38
       Kick              |       |       |    10 |    27 ||    37
Invok: Slouch            |       |       |     1 |     5 ||     6
Evoke: Wand              |       |       |       |     2 ||     2
  Use: Potion            |       |     4 |     1 |     4 ||     9
       Scroll            |       |       |    11 |       ||    11
 Stab: Sleeping          |     2 |       |    10 |     3 ||    15
       Confused          |       |       |       |     1 ||     1
  Eat: Chunk             |     6 |     1 |    33 |    26 ||    66
       Ration            |       |     1 |       |     2 ||     3
Armor: Robe              |    28 |    26 |    72 |    21 ||   147
       Troll leather arm |       |       |       |    30 ||    30
Dodge: Dodged            |    29 |    64 |   182 |   148 ||   423

Table legend:
 A = Non-vault XP
 B = Vault XP
 C = Vault XP percentage of total XP
 D = Non-vault monster count
 E = Vault monster count
 F = Vault count percentage of total count
                 A         B        C        D         E       F
            +---------+---------+-------+---------+---------+-------
      Total |   12189 |    6686 |  35.4 |     206 |      78 |  27.5
            +---------+---------+-------+---------+---------+-------
        D:1 |      37 |       4 |   9.8 |      20 |       2 |   9.1
        D:2 |      85 |       0 |   0.0 |      30 |       0 |   0.0
        D:3 |     185 |      36 |  16.3 |      33 |       1 |   2.9
        D:4 |     152 |     193 |  55.9 |      10 |       5 |  33.3
        D:5 |      80 |     227 |  73.9 |       3 |       1 |  25.0
        D:6 |    1127 |      32 |   2.8 |      20 |       1 |   4.8
        D:7 |     902 |     132 |  12.8 |      17 |       1 |   5.6
        D:8 |    1119 |     897 |  44.5 |      24 |       5 |  17.2
        D:9 |     851 |       0 |   0.0 |      12 |       0 |   0.0
       D:10 |    2604 |    4834 |  65.0 |      19 |      34 |  64.2
       D:11 |    1299 |       0 |   0.0 |       5 |       0 |   0.0
       D:12 |    3748 |       0 |   0.0 |      13 |       0 |   0.0
    Ossuary |       0 |     331 | 100.0 |       0 |      28 | 100.0
            +---------+---------+-------+---------+---------+-------
